[Event "23rd ETCC Open 2021"]
[Site "Catez"]
[Date "2021.11.14"]
[Round "3.56"]
[White "Lodici, Lorenzo"]
[Black "Haria, Ravi"]
[Result "0-1"]
[ECO "C11"]
[WhiteElo "2529"]
[BlackElo "2497"]
[Annotator "ChessBase"]
[PlyCount "54"]
[EventDate "2021.11.08"]
[EventType "team-tourn"]
[EventCountry "SLO"]
[SourceTitle "playchess.com"]
[Source "ChessBase"]
[SourceQuality "1"]
[WhiteTeam "Italy"]
[BlackTeam "England"]
[WhiteTeamCountry "ITA"]
[BlackTeamCountry "ENG"]
[TimeControl "40/5400+30:1800+30"]

1. e4 e6 2. d4 d5 3. Nc3 Nf6 4. e5 Nfd7 5. Nce2 c5 6. c3 Nc6 7. Nf3 Be7 8. a3
O-O 9. Nf4 Qa5 10. Bd3 Nxd4 11. Nxd4 cxd4 12. Qh5 f5 13. O-O Nxe5 14. cxd4 Nxd3
15. Nxd3 Bd7 16. Re1 Qb6 17. Bg5 Bd6 18. Qh4 Rf7 19. Bd2 f4 20. Bb4 Qxd4 21.
Bxd6 Qxd3 22. Rac1 f3 23. Rc7 fxg2 24. Rxb7 Bb5 25. Rxb5 Qxb5 26. Kxg2 Qd7 27.
Bc5 Qc7 0-1

[Event "23rd ETCC Open 2021"]
[Site "Catez"]
[Date "2021.11.14"]
[Round "3.57"]
[White "Dragnev, Valentin"]
[Black "Kanyamarala, Tarun"]
[Result "1/2-1/2"]
[ECO "B30"]
[WhiteElo "2548"]
[BlackElo "2321"]
[Annotator "ChessBase"]
[PlyCount "79"]
[EventDate "2021.11.08"]
[EventType "team-tourn"]
[EventCountry "SLO"]
[SourceTitle "playchess.com"]
[Source "ChessBase"]
[SourceQuality "1"]
[WhiteTeam "Austria"]
[BlackTeam "Ireland"]
[WhiteTeamCountry "AUT"]
[BlackTeamCountry "IRL"]
[TimeControl "40/5400+30:1800+30"]

1. e4 c5 2. Nf3 Nc6 3. Bb5 e6 4. O-O Nge7 5. d4 cxd4 6. Nxd4 Ng6 7. Be3 Be7 8.
c3 O-O 9. Nd2 Nxd4 10. cxd4 d5 11. e5 Qb6 12. Qb3 f6 13. f4 Nh4 14. Bf2 fxe5
15. dxe5 Qa5 16. Be1 Bb4 17. Bxh4 Qxb5 18. a3 Bc5+ 19. Bf2 Qa5 20. Bxc5 Qxc5+
21. Kh1 b6 22. Qd3 Bd7 23. Rac1 Qb5 24. Qd4 Rac8 25. h4 Qe2 26. Kh2 Qg4 27. g3
Bb5 28. Rfe1 h6 29. Qe3 g5 30. Qf3 Qf5 31. Nb3 Rc2+ 32. Rxc2 Qxc2+ 33. Kg1 Qxb2
34. hxg5 hxg5 35. Qh5 Rf7 36. Qxg5+ Rg7 37. Qd8+ Kh7 38. Qh4+ Kg8 39. Qd8+ Kh7
40. Qh4+ 1/2-1/2

[Event "23rd ETCC Open 2021"]
[Site "Catez"]
[Date "2021.11.14"]
[Round "3.58"]
[White "Jessel, Stephen"]
[Black "Blohberger, Felix"]
[Result "0-1"]
[ECO "A15"]
[WhiteElo "2297"]
[BlackElo "2490"]
[Annotator "ChessBase"]
[PlyCount "78"]
[EventDate "2021.11.08"]
[EventType "team-tourn"]
[EventCountry "SLO"]
[SourceTitle "playchess.com"]
[Source "ChessBase"]
[SourceQuality "1"]
[WhiteTeam "Ireland"]
[BlackTeam "Austria"]
[WhiteTeamCountry "IRL"]
[BlackTeamCountry "AUT"]
[TimeControl "40/5400+30:1800+30"]

1. Nf3 Nf6 2. c4 g6 3. b3 Bg7 4. Bb2 O-O 5. g3 d6 6. Bg2 e5 7. O-O c6 8. d3 Re8
9. Nbd2 Nbd7 10. Qc2 b6 11. b4 Bb7 12. Rfc1 Qe7 13. a4 c5 14. b5 e4 15. dxe4
Nxe4 16. Bxg7 Kxg7 17. Nxe4 Bxe4 18. Qc3+ Qf6 19. a5 d5 20. cxd5 Bxd5 21. e3
Rab8 22. axb6 axb6 23. Ra7 Rb7 24. Ra6 Qxc3 25. Rxc3 Nf6 26. Nd2 Bxg2 27. Kxg2
Ne4 28. Rd3 Nxd2 29. Rxd2 Re6 30. Rd8 h5 31. Kf3 Kf6 32. h4 Ke7 33. Raa8 Rd6
34. Rxd6 Kxd6 35. Rc8 Kd5 36. e4+ Kc4 37. e5 Kxb5 38. Ke4 Kc4 39. e6 Re7 0-1

[Event "23rd ETCC Open 2021"]
[Site "Catez"]
[Date "2021.11.14"]
[Round "3.59"]
[White "Shengelia, David"]
[Black "Nemeth, Zalan"]
[Result "1-0"]
[ECO "A40"]
[WhiteElo "2513"]
[BlackElo "2163"]
[Annotator "ChessBase"]
[PlyCount "43"]
[EventDate "2021.11.08"]
[EventType "team-tourn"]
[EventCountry "SLO"]
[SourceTitle "playchess.com"]
[Source "ChessBase"]
[SourceQuality "1"]
[WhiteTeam "Austria"]
[BlackTeam "Ireland"]
[WhiteTeamCountry "AUT"]
[BlackTeamCountry "IRL"]
[TimeControl "40/5400+30:1800+30"]

1. d4 e6 2. c4 b6 3. e4 Bb7 4. Bd3 Nc6 5. Nf3 Nb4 6. Nc3 Nxd3+ 7. Qxd3 d5 8.
cxd5 exd5 9. exd5 Nf6 10. Ne5 a6 11. Nc6 Bxc6 12. dxc6 Bb4 13. O-O O-O 14. Bg5
Bxc3 15. bxc3 Re8 16. Rae1 Qd6 17. Bxf6 Qxf6 18. d5 a5 19. c4 Rad8 20. Qg3 Re7
21. Re3 Rde8 22. Qxc7 1-0

[Event "23rd ETCC Open 2021"]
[Site "Catez"]
[Date "2021.11.14"]
[Round "3.60"]
[White "Kanyamarala, Trisha"]
[Black "Horvath, Dominik"]
[Result "0-1"]
[ECO "E51"]
[WhiteElo "2089"]
[BlackElo "2469"]
[Annotator "ChessBase"]
[PlyCount "58"]
[EventDate "2021.11.08"]
[EventType "team-tourn"]
[EventCountry "SLO"]
[SourceTitle "playchess.com"]
[Source "ChessBase"]
[SourceQuality "1"]
[WhiteTeam "Ireland"]
[BlackTeam "Austria"]
[WhiteTeamCountry "IRL"]
[BlackTeamCountry "AUT"]
[TimeControl "40/5400+30:1800+30"]

1. d4 Nf6 2. c4 e6 3. Nc3 Bb4 4. e3 O-O 5. Bd2 d5 6. Nf3 b6 7. cxd5 exd5 8. Bd3
Re8 9. O-O Bd6 10. h3 c5 11. Nb5 Bf8 12. Ne5 Ba6 13. a4 Bb7 14. f4 Nc6 15. Rc1
Ne4 16. Bxe4 dxe4 17. Nxf7 Kxf7 18. Qb3+ Kg6 19. f5+ Kh6 20. f6 Qd7 21. Rf4 g5
22. Rg4 Nd8 23. Qg8 Ne6 24. f7 Red8 25. h4 Bg7 26. hxg5+ Kg6 27. Qxh7+ Kxh7 28.
g6+ Kh6 29. Kf2 Ng5 0-1

[Event "23rd ETCC Open 2021"]
[Site "Catez"]
[Date "2021.11.14"]
[Round "3.61"]
[White "Toczek, Grzegorz"]
[Black "Mehmeti, Dritan"]
[Result "1-0"]
[ECO "C11"]
[WhiteElo "2296"]
[BlackElo "2391"]
[Annotator "NA"]
[PlyCount "67"]
[EventDate "2021.11.08"]
[EventType "team-tourn"]
[EventCountry "SLO"]
[SourceTitle "playchess.com"]
[Source "ChessBase"]
[SourceQuality "1"]
[WhiteTeam "Wales"]
[BlackTeam "Albania"]
[WhiteTeamCountry "WLS"]
[BlackTeamCountry "ALB"]
[TimeControl "40/5400+30:1800+30"]

1. e4 e6 2. d4 d5 3. Nc3 Nf6 4. e5 Nfd7 5. f4 c5 6. Nf3 Nc6 7. Be3 a6 8. dxc5
Nxc5 9. Qd2 b5 10. Qf2 Na4 11. Nxa4 bxa4 12. c3 Be7 13. Bd3 Bd7 14. O-O O-O 15.
g4 Qc7 16. Rae1 f6 17. exf6 Rxf6 18. g5 Rf7 19. g6 Rf6 20. Ng5 h6 21. Nh7 a3
22. bxa3 Raf8 23. Nxf8 Bxf8 24. Qg2 Qa5 25. Qc2 Qxa3 26. Qb3 Qd6 27. Re2 Na5
28. Qb6 Qa3 29. Bd4 e5 30. Qd8 Bh3 31. Qxd5+ Kh8 32. Bxe5 Bxf1 33. Kxf1 Rb6 34.
Bxg7+ 1-0

[Event "23rd ETCC Open 2021"]
[Site "Catez"]
[Date "2021.11.14"]
[Round "3.62"]
[White "Pasko, Llambi"]
[Black "Pleasants, Allan J"]
[Result "1/2-1/2"]
[ECO "A57"]
[WhiteElo "2417"]
[BlackElo "2001"]
[Annotator "NA"]
[PlyCount "60"]
[EventDate "2021.11.08"]
[EventType "team-tourn"]
[EventCountry "SLO"]
[SourceTitle "playchess.com"]
[Source "ChessBase"]
[SourceQuality "1"]
[WhiteTeam "Albania"]
[BlackTeam "Wales"]
[WhiteTeamCountry "ALB"]
[BlackTeamCountry "WLS"]
[TimeControl "40/5400+30:1800+30"]

1. d4 Nf6 2. c4 c5 3. d5 b5 4. cxb5 a6 5. b6 d6 6. e4 Nbd7 7. Nd2 Qxb6 8. Ne2
g6 9. Nc3 Bg7 10. Nc4 Qa7 11. Be2 O-O 12. O-O Nb6 13. Ne3 Rb8 14. a4 Nfd7 15.
f4 Na8 16. Nc4 Qc7 17. Be3 Nab6 18. Na5 Bxc3 19. bxc3 Nxd5 20. exd5 Qxa5 21.
Bd2 c4 22. Be1 Bb7 23. Bxc4 Qc5+ 24. Qd4 Qxd4+ 25. cxd4 Nb6 26. Bd3 Nxd5 27.
Bd2 Bc8 28. Bc4 Nb6 29. Bd3 Nd5 30. Bc4 Nb6 1/2-1/2

[Event "23rd ETCC Open 2021"]
[Site "Catez"]
[Date "2021.11.14"]
[Round "3.63"]
[White "Garcia, Jason"]
[Black "Ashiku, Franc"]
[Result "0-1"]
[ECO "E60"]
[WhiteElo "2028"]
[BlackElo "2419"]
[Annotator "NA"]
[PlyCount "114"]
[EventDate "2021.11.08"]
[EventType "team-tourn"]
[EventCountry "SLO"]
[SourceTitle "playchess.com"]
[Source "ChessBase"]
[SourceQuality "1"]
[WhiteTeam "Wales"]
[BlackTeam "Albania"]
[WhiteTeamCountry "WLS"]
[BlackTeamCountry "ALB"]
[TimeControl "40/5400+30:1800+30"]

1. Nf3 Nf6 2. c4 g6 3. b3 Bg7 4. Bb2 d6 5. d4 O-O 6. g3 Na6 7. Bg2 e5 8. dxe5
dxe5 9. Qxd8 Rxd8 10. Bxe5 Nb4 11. Na3 Ne4 12. Bxg7 Kxg7 13. O-O Nc3 14. e3 a6
15. Nd4 c5 16. Ndc2 Nbxa2 17. Nb1 Nxb1 18. Raxb1 Rd2 19. Na1 Nc3 20. Rbe1 Rb8
21. f4 b5 22. cxb5 axb5 23. Rf2 Rxf2 24. Kxf2 Be6 25. e4 Ra8 26. Bf3 b4 27. g4
Ra2+ 28. Ke3 f6 29. f5 Bf7 30. h4 Ra3 31. g5 gxf5 32. exf5 Nb5 33. Kf4 Nd4 34.
Bg4 Ra7 35. Rc1 c4 36. bxc4 b3 37. Nxb3 Nxb3 38. Rd1 Ra6 39. Rd7 Nc5 40. Rc7
Nd3+ 41. Ke3 Ne5 42. Bh5 Ra3+ 43. Ke4 Rh3 44. Bxf7 Rxh4+ 45. Kd5 Nxf7 46. gxf6+
Kxf6 47. c5 Rf4 48. c6 Rxf5+ 49. Kd4 Ke6 50. Ra7 Kd6 51. Ke4 Rf6 52. Ra6 Ng5+
53. Ke3 Rf5 54. Ra4 Kxc6 55. Rd4 Rd5 56. Rf4 Kd7 57. Ke2 Ke6 0-1

[Event "23rd ETCC Open 2021"]
[Site "Catez"]
[Date "2021.11.14"]
[Round "3.64"]
[White "Seitaj, Ilir"]
[Black "Weatherlake, John P"]
[Result "1-0"]
[ECO "B22"]
[WhiteElo "2351"]
[BlackElo "1890"]
[Annotator "NA"]
[PlyCount "83"]
[EventDate "2021.11.08"]
[EventType "team-tourn"]
[EventCountry "SLO"]
[SourceTitle "playchess.com"]
[Source "ChessBase"]
[SourceQuality "1"]
[WhiteTeam "Albania"]
[BlackTeam "Wales"]
[WhiteTeamCountry "ALB"]
[BlackTeamCountry "WLS"]
[TimeControl "40/5400+30:1800+30"]

1. e4 c5 2. Nf3 Nc6 3. c3 Nf6 4. e5 Nd5 5. d4 cxd4 6. cxd4 d6 7. Bc4 e6 8. O-O
Be7 9. Qe2 O-O 10. exd6 Qxd6 11. Nc3 Nb6 12. Nb5 Qd8 13. Bb3 a6 14. Nc3 Nxd4
15. Nxd4 Qxd4 16. Rd1 Qh4 17. Be3 Nd5 18. Bxd5 exd5 19. Nxd5 Bg5 20. Rd4 Qh6
21. f4 Bf6 22. Rb4 Qg6 23. Rf1 Bf5 24. Qf2 b5 25. Bd4 Bd8 26. Rb3 Qc6 27. Rg3
f6 28. Ne3 Be6 29. a3 Bc7 30. Ng4 Bxg4 31. Rxg4 Rad8 32. Kh1 Rfe8 33. h3 Rd6
34. Bc3 Bb6 35. Qg3 Qd7 36. f5 Rd1 37. Rxg7+ Qxg7 38. Qxg7+ Kxg7 39. Rxd1 Rd8
40. Rxd8 Bxd8 41. g4 h5 42. g5 1-0

[Event "23rd ETCC Open 2021"]
[Site "Catez"]
[Date "2021.11.14"]
[Round "3.65"]
[White "Laurusas, Tomas"]
[Black "Stefansson, Hannes"]
[Result "1-0"]
[ECO "E12"]
[WhiteElo "2553"]
[BlackElo "2519"]
[Annotator "ChessBase"]
[PlyCount "85"]
[EventDate "2021.11.08"]
[EventType "team-tourn"]
[EventCountry "SLO"]
[SourceTitle "playchess.com"]
[Source "ChessBase"]
[SourceQuality "1"]
[WhiteTeam "Lithuania"]
[BlackTeam "Iceland"]
[WhiteTeamCountry "LTU"]
[BlackTeamCountry "ISL"]
[TimeControl "40/5400+30:1800+30"]

1. d4 Nf6 2. c4 e6 3. Nf3 b6 4. a3 Bb7 5. Nc3 d5 6. Bg5 Be7 7. Qa4+ c6 8. cxd5
Nxd5 9. Bxe7 Qxe7 10. Nxd5 exd5 11. e3 O-O 12. Rc1 c5 13. dxc5 bxc5 14. Qh4 Qd6
15. Bd3 h6 16. O-O Nd7 17. Rfd1 a5 18. Qg3 Qb6 19. Nh4 Rfb8 20. b3 Nf6 21. Nf5
Ne8 22. a4 Kf8 23. Qe5 Qe6 24. Qf4 Rc8 25. h4 Ba6 26. Bb1 Ra7 27. Ng3 Rcc7 28.
Bf5 Qc6 29. e4 d4 30. e5 Qd5 31. Ne4 Qxb3 32. Rb1 Qd5 33. Nd6 Re7 34. Rb8 g5
35. hxg5 Qxe5 36. Qxe5 Rxe5 37. gxh6 Rae7 38. f4 Re3 39. Bg4 d3 40. Nf5 Re1+
41. Kf2 R7e2+ 42. Bxe2 Rxe2+ 43. Kg3 1-0

[Event "23rd ETCC Open 2021"]
[Site "Catez"]
[Date "2021.11.14"]
[Round "3.66"]
[White "Hjartarson, Johann"]
[Black "Kazakouski, Valery"]
[Result "1/2-1/2"]
[ECO "D38"]
[WhiteElo "2483"]
[BlackElo "2490"]
[Annotator "ChessBase"]
[PlyCount "84"]
[EventDate "2021.11.08"]
[EventType "team-tourn"]
[EventCountry "SLO"]
[SourceTitle "playchess.com"]
[Source "ChessBase"]
[SourceQuality "1"]
[WhiteTeam "Iceland"]
[BlackTeam "Lithuania"]
[WhiteTeamCountry "ISL"]
[BlackTeamCountry "LTU"]
[TimeControl "40/5400+30:1800+30"]

1. d4 Nf6 2. c4 e6 3. Nf3 d5 4. Nc3 Bb4 5. Qa4+ Nc6 6. e3 O-O 7. Qc2 Re8 8. Bd2
a6 9. h3 Bd6 10. a3 h6 11. Rd1 Rb8 12. b4 dxc4 13. Bxc4 e5 14. O-O Qe7 15. Bc1
Bd7 16. Bb2 exd4 17. exd4 Qf8 18. Ba2 Ne7 19. Rfe1 Bf5 20. Qc1 Ng6 21. Ne2 c6
22. Ng3 Bxg3 23. fxg3 Rxe1+ 24. Rxe1 Nd5 25. g4 Be6 26. Bb1 Qd6 27. Ne5 Nf8 28.
Qc2 Re8 29. Qf2 f6 30. Nd3 b6 31. Ba2 Bf7 32. Rxe8 Bxe8 33. Bc4 b5 34. Bb3 Ne6
35. Nc5 Nxc5 36. dxc5 Qe6 37. Bc2 Qe3 38. Qxe3 Nxe3 39. Be4 Nd5 40. Bf5 Ne7 41.
Be6+ Kf8 42. Kf2 Bf7 1/2-1/2

[Event "23rd ETCC Open 2021"]
[Site "Catez"]
[Date "2021.11.14"]
[Round "3.67"]
[White "Klabis, Rokas"]
[Black "Gretarsson, Helgi Ass"]
[Result "1-0"]
[ECO "C55"]
[WhiteElo "2353"]
[BlackElo "2476"]
[Annotator "ChessBase"]
[PlyCount "85"]
[EventDate "2021.11.08"]
[EventType "team-tourn"]
[EventCountry "SLO"]
[SourceTitle "playchess.com"]
[Source "ChessBase"]
[SourceQuality "1"]
[WhiteTeam "Lithuania"]
[BlackTeam "Iceland"]
[WhiteTeamCountry "LTU"]
[BlackTeamCountry "ISL"]
[TimeControl "40/5400+30:1800+30"]

1. e4 e5 2. Nf3 Nc6 3. Bc4 Nf6 4. d3 h6 5. c3 d6 6. Nbd2 g6 7. O-O Bg7 8. Bb3
O-O 9. h3 Nh5 10. Nc4 Be6 11. Re1 a5 12. Ne3 Bxb3 13. Qxb3 Qd7 14. Nd5 a4 15.
Qxb7 Ne7 16. Qxc7 Qxc7 17. Nxc7 Rab8 18. Na6 Rb5 19. Nb4 d5 20. a3 g5 21. Bd2
Nf4 22. Bxf4 exf4 23. exd5 Nxd5 24. d4 Nb6 25. Nd2 Rc8 26. Re2 Bf8 27. Rae1 Kg7
28. Re8 Rc7 29. Nd3 Bd6 30. Ne4 Be7 31. Rb8 Rb3 32. Re2 Nc4 33. Rxb3 axb3 34.
Nec5 Na5 35. Kf1 Kf8 36. Ke1 Bd6 37. Kd1 Ra7 38. Kc1 Rc7 39. Kb1 Ra7 40. Ne4
Be7 41. Nd2 Bd6 42. Nc1 Rb7 43. f3 1-0

[Event "23rd ETCC Open 2021"]
[Site "Catez"]
[Date "2021.11.14"]
[Round "3.68"]
[White "Kjartansson, Gudmundur"]
[Black "Brazdzionis, Andrius"]
[Result "1-0"]
[ECO "D32"]
[WhiteElo "2443"]
[BlackElo "2356"]
[Annotator "NA"]
[PlyCount "111"]
[EventDate "2021.11.08"]
[EventType "team-tourn"]
[EventCountry "SLO"]
[SourceTitle "playchess.com"]
[Source "ChessBase"]
[SourceQuality "1"]
[WhiteTeam "Iceland"]
[BlackTeam "Lithuania"]
[WhiteTeamCountry "ISL"]
[BlackTeamCountry "LTU"]
[TimeControl "40/5400+30:1800+30"]

1. c4 e6 2. Nc3 d5 3. d4 c5 4. cxd5 cxd4 5. Qa4+ Bd7 6. Qxd4 exd5 7. Qxd5 Nf6
8. Qb3 Na6 9. e3 Nc5 10. Qd1 Nce4 11. Bd3 Bb4 12. Nge2 Qa5 13. O-O Nxc3 14.
bxc3 Bd6 15. h3 Rd8 16. Nd4 Qxc3 17. Nb5 Bxb5 18. Bxb5+ Ke7 19. Qb3 Ne4 20. Rb1
Qxb3 21. Rxb3 a6 22. Be2 b5 23. Rd1 Bc5 24. f3 Rxd1+ 25. Bxd1 Rd8 26. Be2 Ng3
27. Bd3 f5 28. Kh2 Bd6 29. Kg1 Bc5 30. Kf2 f4 31. Rc3 Nh1+ 32. Ke2 Ng3+ 33. Kf2
Nh1+ 34. Ke1 fxe3 35. Bxh7 Bd4 36. Rd3 Nf2 37. Rxd4 Rxd4 38. Bxe3 Nd3+ 39. Kd2
Ra4 40. Kxd3 Rxa2 41. g4 a5 42. Bc5+ Kf7 43. Be4 Rh2 44. Bc6 Rxh3 45. Ke3 b4
46. Bb6 Ke6 47. Bxa5 b3 48. Bc3 Rh2 49. Bxg7 b2 50. Be4 Rg2 51. Bc3 Kf7 52. Kf4
Re2 53. Bd3 Rf2 54. g5 Rg2 55. g6+ Ke6 56. g7 1-0

[Event "23rd ETCC Open 2021"]
[Site "Catez"]
[Date "2021.11.14"]
[Round "3.69"]
[White "Pancevski, Filip"]
[Black "Subelj, Jan"]
[Result "0-1"]
[ECO "A36"]
[WhiteElo "2490"]
[BlackElo "2458"]
[Annotator "ChessBase"]
[PlyCount "106"]
[EventDate "2021.11.08"]
[EventType "team-tourn"]
[EventCountry "SLO"]
[SourceTitle "playchess.com"]
[Source "ChessBase"]
[SourceQuality "1"]
[WhiteTeam "Macedonia"]
[BlackTeam "Slovenia"]
[WhiteTeamCountry "MKD"]
[BlackTeamCountry "SLO"]
[TimeControl "40/5400+30:1800+30"]

1. c4 c5 2. g3 Nc6 3. Bg2 g6 4. Nc3 Bg7 5. a3 e6 6. Rb1 Nge7 7. b4 cxb4 8. axb4
O-O 9. Ba3 a6 10. Qa4 Ra7 11. c5 b5 12. cxb6 Qxb6 13. Nf3 d5 14. O-O d4 15. Ne4
e5 16. Rfc1 Rd8 17. d3 Be6 18. Nfd2 Bd5 19. Nc4 Qb8 20. Bh3 f5 21. Nc5 Qb5 22.
Qd1 Raa8 23. Na4 Bh6 24. f4 exf4 25. Ncb6 fxg3 26. Rc5 Be3+ 27. Kf1 gxh2 28.
Bg2 h1=Q+ 29. Bxh1 Bxh1 30. Rxb5 axb5 31. Nxa8 Rxa8 32. Bc1 Rxa4 33. Bxe3 dxe3
34. Qc1 Rxb4 35. Rxb4 Nxb4 36. Qxe3 Nbc6 37. Qe6+ Kg7 38. e4 b4 39. Kg1 Bf3 40.
Kf2 fxe4 41. dxe4 b3 42. e5 b2 43. Qf6+ Kg8 44. e6 Ne5 45. Qxe7 b1=Q 46. Qd8+
Kg7 47. Qe7+ Kh6 48. Qh4+ Bh5 49. Qf4+ g5 50. Qxe5 Qc2+ 51. Kg3 Qd3+ 52. Kf2
Qe2+ 53. Qxe2 Bxe2 0-1

[Event "23rd ETCC Open 2021"]
[Site "Catez"]
[Date "2021.11.14"]
[Round "3.70"]
[White "Dobrovoljc, Vid"]
[Black "Nikolovski, Nikola"]
[Result "1/2-1/2"]
[ECO "B77"]
[WhiteElo "2414"]
[BlackElo "2401"]
[Annotator "NA"]
[PlyCount "88"]
[EventDate "2021.11.08"]
[EventType "team-tourn"]
[EventCountry "SLO"]
[SourceTitle "playchess.com"]
[Source "ChessBase"]
[SourceQuality "1"]
[WhiteTeam "Slovenia"]
[BlackTeam "Macedonia"]
[WhiteTeamCountry "SLO"]
[BlackTeamCountry "MKD"]
[TimeControl "40/5400+30:1800+30"]

1. e4 c5 2. Nf3 d6 3. d4 cxd4 4. Nxd4 Nf6 5. Nc3 g6 6. Be3 Bg7 7. f3 Nc6 8. Qd2
O-O 9. Bc4 Nxd4 10. Bxd4 Be6 11. Bb3 Qa5 12. h4 Bxb3 13. cxb3 Rac8 14. a3 Rfd8
15. h5 e5 16. Be3 d5 17. b4 Qa6 18. exd5 Nxh5 19. Bg5 Rd7 20. Ne4 Qc4 21. Rd1
Nf4 22. d6 f5 23. b3 Qxb3 24. Nc5 Rxc5 25. bxc5 Ne6 26. O-O Nxc5 27. Qd5+ Qxd5
28. Rxd5 b6 29. Be3 Nb7 30. f4 e4 31. g4 fxg4 32. f5 gxf5 33. Rdxf5 Rxd6 34.
Rg5 Nc5 35. Rxg4 Nd3 36. Rxe4 Ne5 37. Bf4 Rg6+ 38. Kh1 Ng4 39. Re8+ Kf7 40. Ra8
a5 41. Be5+ Bf6 42. Bxf6 Rxf6 43. Ra7+ Ke6 44. Re1+ Kd6 1/2-1/2

[Event "23rd ETCC Open 2021"]
[Site "Catez"]
[Date "2021.11.14"]
[Round "3.71"]
[White "Lazov, Toni"]
[Black "Brilej, Jaka"]
[Result "1/2-1/2"]
[ECO "B12"]
[WhiteElo "2393"]
[BlackElo "2341"]
[Annotator "NA"]
[PlyCount "86"]
[EventDate "2021.11.08"]
[EventType "team-tourn"]
[EventCountry "SLO"]
[SourceTitle "playchess.com"]
[Source "ChessBase"]
[SourceQuality "1"]
[WhiteTeam "Macedonia"]
[BlackTeam "Slovenia"]
[WhiteTeamCountry "MKD"]
[BlackTeamCountry "SLO"]
[TimeControl "40/5400+30:1800+30"]

1. e4 c6 2. d4 d5 3. e5 Bf5 4. g4 Be4 5. f3 Bg6 6. e6 Qd6 7. exf7+ Bxf7 8. f4
Nf6 9. Nc3 Nbd7 10. Bh3 O-O-O 11. Nf3 Ne4 12. O-O Nxc3 13. bxc3 e6 14. Qe2 Be7
15. a4 Qc7 16. f5 Nf8 17. Ng5 Bg8 18. fxe6 Ng6 19. a5 Bxg5 20. Bxg5 Re8 21. a6
b5 22. e7 h6 23. Bd2 Qxe7 24. g5+ Be6 25. Qxe6+ Qxe6 26. Bxe6+ Rxe6 27. Rf7 Re2
28. Rxa7 Kb8 29. Rb7+ Ka8 30. Be1 hxg5 31. Rxg7 Nf4 32. Bg3 Rxc2 33. Bxf4 gxf4
34. Rf1 Rcxh2 35. Rxf4 R2h7 36. Rg6 Rh6 37. Rff6 Rxg6+ 38. Rxg6 Rc8 39. Rg7 c5
40. dxc5 Rxc5 41. Rb7 Rxc3 42. Rxb5 Ra3 43. Rxd5 Rxa6 1/2-1/2

[Event "23rd ETCC Open 2021"]
[Site "Catez"]
[Date "2021.11.14"]
[Round "3.72"]
[White "Stevanic, David"]
[Black "Mihov, Filip"]
[Result "1-0"]
[ECO "C18"]
[WhiteElo "2318"]
[BlackElo "2255"]
[Annotator "NA"]
[PlyCount "51"]
[EventDate "2021.11.08"]
[EventType "team-tourn"]
[EventCountry "SLO"]
[SourceTitle "playchess.com"]
[Source "ChessBase"]
[SourceQuality "1"]
[WhiteTeam "Slovenia"]
[BlackTeam "Macedonia"]
[WhiteTeamCountry "SLO"]
[BlackTeamCountry "MKD"]
[TimeControl "40/5400+30:1800+30"]

1. e4 e6 2. d4 d5 3. Nc3 Bb4 4. e5 c5 5. a3 Bxc3+ 6. bxc3 Ne7 7. Qg4 cxd4 8.
Qxg7 Rg8 9. Qxh7 Qc7 10. Ne2 Nbc6 11. f4 dxc3 12. h4 d4 13. h5 Bd7 14. Qd3
O-O-O 15. Rb1 Kb8 16. Rg1 Nd5 17. Nxd4 Nxd4 18. Qxd4 Bc6 19. Bd3 Qa5 20. h6
Nxf4 21. Qxf4 Rxd3 22. cxd3 Qd5 23. Be3 Rxg2 24. h7 Rxg1+ 25. Bxg1 Qh1 26. Qh2
1-0

[Event "23rd ETCC Open 2021"]
[Site "Catez"]
[Date "2021.11.14"]
[Round "3.73"]
[White "Tate, Alan"]
[Black "Saraci, Nderim"]
[Result "0-1"]
[ECO "E32"]
[WhiteElo "2342"]
[BlackElo "2486"]
[Annotator "ChessBase"]
[PlyCount "84"]
[EventDate "2021.11.08"]
[EventType "team-tourn"]
[EventCountry "SLO"]
[SourceTitle "playchess.com"]
[Source "ChessBase"]
[SourceQuality "1"]
[WhiteTeam "Scotland"]
[BlackTeam "Kosovo"]
[WhiteTeamCountry "SCO"]
[BlackTeamCountry "KOS"]
[TimeControl "40/5400+30:1800+30"]

1. d4 Nf6 2. c4 e6 3. Nf3 Bb4+ 4. Bd2 Qe7 5. Nc3 O-O 6. Qc2 d6 7. a3 Bxc3 8.
Bxc3 Nbd7 9. e4 e5 10. d5 Nc5 11. Nd2 Bd7 12. Be2 Ne8 13. b4 Na4 14. O-O f5 15.
exf5 Nxc3 16. Qxc3 Bxf5 17. a4 Nf6 18. Nb3 b6 19. a5 Rac8 20. Qe3 Qf7 21. Nd2
Qg6 22. Ra3 Rf7 23. Nf3 h6 24. Nh4 Qh7 25. Nxf5 Qxf5 26. Qf3 Qg6 27. Qh3 Rcf8
28. Bd3 e4 29. Be2 Qg5 30. Qe3 Qf5 31. Qd4 Re7 32. h3 Rfe8 33. Re3 Qg5 34. Re1
h5 35. Bd1 h4 36. Ba4 Rf8 37. Bc2 Nh5 38. Bd1 Ref7 39. Rf1 Ng3 40. Bg4 Nxf1 41.
Rxe4 Qc1 42. Bd1 Nd2 0-1

[Event "23rd ETCC Open 2021"]
[Site "Catez"]
[Date "2021.11.14"]
[Round "3.74"]
[White "Uruci, Endrit"]
[Black "Muir, Andrew J"]
[Result "1/2-1/2"]
[ECO "B31"]
[WhiteElo "2322"]
[BlackElo "2254"]
[Annotator "NA"]
[PlyCount "98"]
[EventDate "2021.11.08"]
[EventType "team-tourn"]
[EventCountry "SLO"]
[SourceTitle "playchess.com"]
[Source "ChessBase"]
[SourceQuality "1"]
[WhiteTeam "Kosovo"]
[BlackTeam "Scotland"]
[WhiteTeamCountry "KOS"]
[BlackTeamCountry "SCO"]
[TimeControl "40/5400+30:1800+30"]

1. e4 c5 2. Nf3 Nc6 3. Bb5 g6 4. O-O Bg7 5. d3 Nf6 6. Nc3 O-O 7. h3 a6 8. Bxc6
dxc6 9. Be3 b6 10. Qd2 e5 11. Bh6 Qd6 12. Qg5 Re8 13. Nh4 Nh5 14. Bxg7 Kxg7 15.
Ne2 Qe7 16. Qxe7 Rxe7 17. a4 a5 18. b3 h6 19. Kh2 Nf4 20. Nxf4 exf4 21. g3
fxg3+ 22. Kxg3 f5 23. Rae1 f4+ 24. Kh2 g5 25. Nf3 Be6 26. Rg1 Kf6 27. Nd2 Bf7
28. h4 Rg8 29. hxg5+ hxg5 30. Kg2 Rh8 31. Rh1 Ree8 32. Rb1 g4 33. Nc4 Bxc4 34.
bxc4 Rxh1 35. Rxh1 Ke5 36. Rh6 Re6 37. Rh4 Rg6 38. c3 g3 39. Rh5+ Ke6 40. d4
f3+ 41. Kg1 cxd4 42. cxd4 g2 43. d5+ cxd5 44. cxd5+ Kd6 45. Rf5 Rg4 46. Rf6+
Ke5 47. Rxf3 Kxe4 48. Rf6 Kxd5 49. Rxb6 Rxa4 1/2-1/2

[Event "23rd ETCC Open 2021"]
[Site "Catez"]
[Date "2021.11.14"]
[Round "3.75"]
[White "Morrison, Graham"]
[Black "Fejzullahu, Afrim"]
[Result "1/2-1/2"]
[ECO "D85"]
[WhiteElo "2251"]
[BlackElo "2250"]
[Annotator "NA"]
[PlyCount "60"]
[EventDate "2021.11.08"]
[EventType "team-tourn"]
[EventCountry "SLO"]
[SourceTitle "playchess.com"]
[Source "ChessBase"]
[SourceQuality "1"]
[WhiteTeam "Scotland"]
[BlackTeam "Kosovo"]
[WhiteTeamCountry "SCO"]
[BlackTeamCountry "KOS"]
[TimeControl "40/5400+30:1800+30"]

1. d4 Nf6 2. c4 g6 3. Nc3 d5 4. cxd5 Nxd5 5. e4 Nxc3 6. bxc3 Bg7 7. Nf3 c5 8.
Bb5+ Bd7 9. Bxd7+ Qxd7 10. O-O cxd4 11. cxd4 Nc6 12. Be3 O-O 13. d5 Na5 14. Bd4
Rfd8 15. Bxg7 Kxg7 16. Rc1 Kg8 17. Qd4 f6 18. Qb4 b6 19. Nd4 Rdc8 20. g3 Kf7
21. Ne6 Rxc1 22. Rxc1 Rc8 23. Qd2 Rxc1+ 24. Qxc1 Qb5 25. h4 Qe2 26. Qh6 Qe1+
27. Kh2 Qxf2+ 28. Kh3 Qf1+ 29. Kh2 Qf2+ 30. Kh3 Qf1+ 1/2-1/2